 Dungeon Crawl Stone Soup version 0.22.0-16-gc6d26f6 (webtiles) character file.

831 Inarius the Skirmisher (level 7, -9/63 HPs)
             Began as a Minotaur Abyssal Knight on Aug 17, 2018.
             Was a Priest of Lugonu.
             Killed by divine providence
             ... invoked by an orc priest
              (10 damage)
             ... on level 6 of the Dungeon.
             The game lasted 00:07:36 (4224 turns).

Inarius the Skirmisher (Minotaur Abyssal Knight)    Turns: 4224, Time: 00:07:37

Health: -9/63      AC: 15    Str: 18    XL:     7   Next: 65%
Magic:  18/18      EV:  3    Int:  9    God:    Lugonu [***...]
Gold:   328        SH:  8    Dex: 10    Spells: 6/6 levels left

rFire    . . .     SeeInvis .   a - +1 falchion
rCold    . . .     Gourm    .   v - +0 shield
rNeg     . . .     Faith    .   g - +0 plate armour
rPois    .         Spirit   .   (helmet restricted)
rElec    .         Reflect  .   (no cloak)
rCorr    .         Harm     .   (no gloves)
MR       .....                  (no boots)
Stlth    ..........             (no amulet)
HPRegen  0.20/turn              i - ring of magical power
MPRegen  0.16/turn              l - +3 ring of protection

@: no status effects
A: retaliatory headbutt, horns 2
a: Depart the Abyss, Bend Space, Banish, Renounce Religion


You were on level 6 of the Dungeon.
You worshipped Lugonu.
Lugonu was most pleased with you.
You were not hungry.

You visited 1 branch of the dungeon, and saw 6 of its levels.
You visited the Abyss 1 time.

You collected 328 gold pieces.

Inventory:

Hand Weapons
 a - a +1 falchion (weapon)
Armour
 g - a +0 plate armour (worn)
 v - a +0 shield (worn)
Jewellery
 i - a ring of magical power (left hand)
 l - a +3 ring of protection (right hand)
 n - an uncursed ring of fire
 t - an uncursed amulet of rage {unknown}
 w - an uncursed ring of poison resistance {unknown}
Wands
 x - a wand of enslavement (13)
Scrolls
 h - 9 scrolls of identify {unknown}
 j - a scroll of remove curse {unknown}
 k - 2 scrolls of teleportation {unknown}
 m - a scroll of fear {unknown}
 p - a scroll of noise {unknown}
 q - a scroll of amnesia {unknown}
 r - a scroll of magic mapping {unknown}
 s - a scroll of enchant weapon {unknown}
Potions
 b - 3 potions of degeneration {unknown}
 d - 3 potions of curing {unknown}
 e - a potion of haste {unknown}
 f - 2 potions of brilliance {unknown}
 u - a potion of lignification {unknown}
 z - a potion of flight {unknown}
Comestibles
 c - 12 rations


   Skills:
 * Level 6.2 Fighting
 - Level 5.0 Long Blades
 + Level 5.7 Armour
 + Level 1.5 Dodging
 + Level 1.0 Stealth
 + Level 2.6 Shields
 + Level 4.0 Invocations


You had 6 spell levels left.
You didn't know any spells.
Your spell library was empty.

Dungeon Overview and Level Annotations

Branches:
Dungeon (6/15)
 Temple: D:4-7

Altars:
Ashenzari
Dithmenos
Gozag
Uskayaw
Wu Jian


Innate Abilities, Weirdness & Mutations

You reflexively headbutt those who attack you in melee.
You have a pair of horns on your head.


Message History

You slash the quokka zombie!
You destroy the quokka zombie!
Lugonu accepts your kill.
You can now banish your foes.
The orc priest calls down the wrath of Beogh upon you.
Beogh smites you!
The orc priest invokes the aid of Beogh against you.
Beogh smites you!
* * * LOW HITPOINT WARNING * * *
You feel sick.
The orc wizard gestures at you while chanting.
The puff of flame hits you!
You feel sick.
You are no longer poisoned.
The orc priest invokes the aid of Beogh against you.
Pain shoots through your body!
* * * LOW HITPOINT WARNING * * *
Found a scroll labeled FUWESEAHYEMP.
The orc priest calls down the wrath of Beogh upon you.
Beogh smites you!
You die...

.o#Z# #.#.####.# #.#.#
...o.....# ....#
#.#.###########.#.#
#.#.#)o.........#.#
#..o....o.......#.# #
#########.#####.#.#.#
#..####.#.#.#.##
#.oo....@.<..?..#
######..####...#####.#
.......>.............#
######..##.#.##.....
#..##........#.#
#..####.##.#.# # #..#
#......# # #..#
#####.#.#.####
....##.............


You could see an orc priest and an orc wizard.

Vanquished Creatures
  An ice beast (D:5)
  A sky beast (D:6)
  A centaur (D:5)
  2 scorpions
  A quasit (D:5)
  An orc wizard (D:6)
  An orc priest (D:4)
  Natasha (twice) (D:2)
  4 worker ants
  7 adders
  6 gnolls
  A howler monkey skeleton (D:4)
  4 worms
  An adder skeleton (D:4)
  2 dart slugs (D:1)
  2 leopard geckos
  5 orcs
  5 bats
  2 giant cockroaches (D:2)
  4 goblins
  8 hobgoblins
  10 jackals
  2 quokkas
  2 ball pythons
  5 frilled lizards
  10 kobolds
  A quokka zombie (D:6)
  12 rats
103 creatures vanquished.

Notes
Turn   | Place    | Note
-------+----------+-------------------------------------------
     0 | Abyss:1  | Inarius the Minotaur Abyssal Knight began the quest for the Orb.
     0 | Abyss:1  | Reached XP level 1. HP: 19/19 MP: 1/1
     0 | Abyss:1  | Found a corrupted altar of Lugonu.
    38 | Abyss:1  | Noticed a sixfirhy
    40 | D:1      | Escaped the Abyss
   221 | D:1      | Reached XP level 2. HP: 26/27 MP: 2/2
   225 | D:1      | Reached skill level 4 in Fighting
   722 | D:2      | Reached * piety under Lugonu
   854 | D:2      | Reached XP level 3. HP: 33/34 MP: 3/3
   918 | D:2      | Noticed Natasha
   924 | D:2      | Killed Natasha
   924 | D:2      | Reached XP level 4. HP: 28/41 MP: 5/5
  1062 | D:2      | Found a shattered altar of Ashenzari.
  1102 | D:2      | Noticed Natasha
  1118 | D:2      | Killed Natasha
  1211 | D:2      | Reached XP level 5. HP: 42/47 MP: 6/6
  1363 | D:3      | Reached ** piety under Lugonu
  1429 | D:3      | Reached skill level 5 in Fighting
  1459 | D:3      | Found an ornate altar of the Wu Jian Council.
  1976 | D:4      | Found a shadowy altar of Dithmenos.
  2185 | D:4      | Reached XP level 6. HP: 56/56 MP: 7/7
  2725 | D:4      | Found an opulent altar of Gozag.
  3101 | D:5      | Entered Level 5 of the Dungeon
  3263 | D:5      | Reached skill level 5 in Long Blades
  3448 | D:5      | Noticed an ice beast
  3529 | D:4      | Reached skill level 1 in Shields
  3672 | D:5      | Killed an ice beast
  3672 | D:5      | Reached XP level 7. HP: 56/62 MP: 9/9
  3875 | D:5      | Reached skill level 5 in Armour
  4023 | D:6      | Reached skill level 6 in Fighting
  4023 | D:6      | Reached skill level 1 in Stealth
  4188 | D:6      | Found a hide-covered altar of Uskayaw.
  4213 | D:6      | Reached *** piety under Lugonu
  4222 | D:6      | HP: 1/63 [orc priest/nerve-wracking pain (7)]
  4224 | D:6      | Killed from afar by an orc priest

Skill      XL: |  1  2  3  4  5  6  7 |
---------------+----------------------+-----
Invocations    | 2 3 4 |  4.0
Fighting       | 4 5 6 |  6.2
Long Blades    | 3 4 5 |  5.0
Armour         | 3 4 5 |  5.7
Shields        | 1 2 |  2.6
Stealth        | 1 |  1.0
Dodging        | |  1.5

Action                   |  1- 3 |  4- 6 |  7- 9 || total
-------------------------+-------+-------+-------++-------
Melee: Falchion          |    69 |   219 |    64 ||   352
       Headbutt          |    13 |    32 |     8 ||    53
       Hand axe          |       |     9 |       ||     9
Invok: Depart the Abyss  |     1 |       |       ||     1
  Eat: Chunk             |       |     9 |     2 ||    11
Armor: Leather armour    |     8 |       |       ||     8
       Plate armour      |    39 |   220 |    37 ||   296
Dodge: Dodged            |    25 |    52 |     3 ||    80
Block: Buckler           |       |    15 |       ||    15
       Shield            |       |    31 |    33 ||    64
       Rpst.: Falchion   |     7 |    11 |     1 ||    19
